 Dungeon Crawl Stone Soup version 0.30.1-4-g462c640d31 (webtiles) character file.

Game seed: 1327886649057257131

110 safid the Chiller (level 4, -3/34 HPs)
             Began as a Merfolk Ice Elementalist on Sept 1, 2023.
             Slain by Grinder (7 damage)
             ... on level 3 of the Dungeon.
             The game lasted 00:02:46 (2265 turns).

safid the Chiller (Merfolk Ice Elementalist)        Turns: 2265, Time: 00:02:47

Health: -3/34      AC:  2    Str:  8    XL:     4   Next: 91%
Magic:  6/8        EV: 12    Int: 16    God:
Gold:   82         SH:  0    Dex: 14    Spells: 5/9 levels left

rFire   . . .        i - +1 sling (freeze)
rCold   . . .        (no shield)
rNeg    . . .        a - +0 robe
rPois   .            (no helmet)
rElec   .            (no cloak)
rCorr   .            (no gloves)
SInv    .            (no boots)
Will    .....        (no amulet)
Stlth   ++           (no ring)
HPRegen 0.25/turn    (no ring)
MPRegen 0.11/turn

%: no passive effects
@: no status effects
A: (nimble swimmer 2), mertail
a: no special abilities


You were on level 3 of the Dungeon.
You visited 1 branch of the dungeon, and saw 3 of its levels.

You collected 180 gold pieces.
You spent 98 gold pieces at shops.

Inventory:

Hand Weapons
 c - a +0 dagger
 i - a +1 sling of freezing (weapon)
Armour
 a - a +0 robe (worn)
Scrolls
 e - a scroll of amnesia {unknown}
 g - a scroll of fear {unknown}
 h - 3 scrolls of teleportation
 j - a scroll of enchant armour {unknown}
 k - 2 scrolls of identify
 l - a scroll of enchant weapon {unknown}
Potions
 b - a potion of magic
 d - a potion of brilliance {unknown}
 f - a potion of degeneration {unknown}
 m - a potion of curing {unknown}
 n - a potion of flight {unknown}


   Skills:
 + Level 2.5 Fighting
 - Level 2.6 Dodging
 - Level 2.1 Stealth
 + Level 3.1 Spellcasting
 + Level 5.2 Ice Magic


You had 5 spell levels left.
You knew the following spells:

 Your Spells              Type           Power      Damage    Failure   Level
a - Freeze                Ice            76%        1d8       2%          1
b - Frozen Ramparts       Ice            38%        1d6       6%          3

Your spell library contained the following spells:

 Spells                   Type           Power      Damage    Failure   Level
 Ozocubu's Armour         Ice            19%        N/A       6%          3
 Slow                     Hex            8%         N/A       19%         1
 Call Canine Familiar     Summ           2%         N/A       50%         3
 Confusing Touch          Hex            2%         N/A       50%         3
 Portal Projectile        Hex/Tloc       4%         N/A       50%         3
 Vampiric Draining        Necr           2%         2d6       50%         3
 Summon Ice Beast         Ice/Summ       10%        N/A       54%         4
 Leda's Liquefaction      Hex/Erth       1%         N/A       88%         4


Dungeon Overview and Level Annotations

Branches:
Dungeon (3/15)

Altars:
Okawaru
Qazlal

Shops:
D:2 ?(:

Annotations:
D:3 Grinder


Innate Abilities, Weirdness & Mutations

((You are very nimble when in or above water. (Stealth+, EV+, Speed+++)))
Your lower body shifts to a powerful aquatic tail in water.


Message History

You are too injured to fight recklessly!
You are too injured to fight recklessly!
Casting: Freeze (safe; 2% risk of failure)
Confirm with . or Enter, or press ? or * to list all spells.
Aiming: Freeze (safe; 2% risk of failure)
Press: ? - help, Shift-Dir - straight line, f/p - Grinder
Aim: Grinder (lightly wounded)
You freeze Grinder.
Grinder resists.
Grinder is lightly wounded.
Grinder hits you.
You writhe in agony.
* * * LOW HITPOINT WARNING * * *
Casting: Freeze (safe; 2% risk of failure)
Confirm with . or Enter, or press ? or * to list all spells.
Aiming: Freeze (safe; 2% risk of failure)
Press: ? - help, Shift-Dir - straight line, f/p - Grinder
Aim: Grinder (lightly wounded)
You freeze Grinder but do no damage.
Grinder completely resists.
Grinder hits you.
* * * LOW HITPOINT WARNING * * *
You writhe in agony.
* * * LOW HITPOINT WARNING * * *
Fire: i) +1 sling (freeze)
Press: ? - help, Q - select action, (/) - cycle Shift-Dir - straight line, f/p - Grinder
Aim: Grinder (lightly wounded, 53% to hit)
You shoot a sling bullet. The sling bullet hits Grinder.
Grinder is moderately wounded.
A ball python comes into view.
Grinder hits you.
* * * LOW HITPOINT WARNING * * *
You writhe in agony.
* * * LOW HITPOINT WARNING * * *
Fire: i) +1 sling (freeze)
Press: ? - help, Q - select action, (/) - cycle Shift-Dir - straight line, f/p - Grinder
Aim: Grinder (moderately wounded, 53% to hit)
You shoot a sling bullet. The ball python hisses angrily.
The sling bullet hits Grinder but does no damage.
Grinder is moderately wounded.
Grinder closely misses you. Grinder hits you!
You die...

..._.......#
#.....##.....##...#
.....#..#.#..#...#
...S...##.##...#.# .
..............##.# ..
...........###.#
###.###.#.#####.###.#
.......5...####.....##
#.>..@.#...........#
######...####.####.#
##.## #.# #.# #.# #.#
#.# #.# #.# #.### ..#
#.# #.... ### #.#
####. #.#######.
#......##.


You could see Grinder and a ball python.

Vanquished Creatures
  Natasha (D:3)
  3 adders
  2 dart slugs (D:1)
  A worm (D:2)
  An orc (D:3)
  3 bats
  7 endoplasms
  2 giant cockroaches
  4 goblins
  3 hobgoblins
  3 jackals (D:3)
  2 quokkas
  3 ball pythons
  5 frilled lizards
  7 kobolds
  3 rats
50 creatures vanquished.

Notes
Turn   | Place    | Note
-------+----------+-------------------------------------------
     0 | D:1      | safid the Merfolk Ice Elementalist began the quest for the
                  | Orb.
     0 | D:1      | Reached XP level 1. HP: 13/13 MP: 3/3
   175 | D:1      | Reached XP level 2. HP: 20/20 MP: 0/5
   308 | D:1      | Reached skill level 1 in Fighting
   830 | D:1      | Found a faded altar of an unknown god.
   964 | D:1      | Reached XP level 3. HP: 26/26 MP: 3/6
  1111 | D:2      | Found Kutuibie's Book Emporium.
  1238 | D:2      | Learned a level 3 spell: Frozen Ramparts
  1245 | D:2      | Found a stormy altar of Qazlal.
  1660 | D:2      | Reached skill level 5 in Ice Magic
  1660 | D:2      | Reached XP level 4. HP: 11/33 MP: 6/8
  1766 | D:2      | Found Ibroemell's Antique Weapon Emporium.
  1775 | D:2      | Found Zaizenud's Magic Scroll Emporium.
  1782 | D:2      | Bought a scroll of identify for 28 gold pieces
  1782 | D:2      | Bought a scroll of teleportation for 42 gold pieces
  1782 | D:2      | Bought a scroll of identify for 28 gold pieces
  2137 | D:3      | Noticed Natasha
  2144 | D:3      | Killed Natasha
  2228 | D:3      | Found an iron altar of Okawaru.
  2254 | D:3      | Noticed Grinder
  2265 | D:3      | Slain by Grinder

Illustrated notes

Levels and vault maps discovered:
D:1:      psy_arrival_radial02, layout_basic, ebering_ecumenical_altar_rust
D:2:      kennysheep_big_flooded_room, layout_basic, serial_shops,
          nicolae_book_shop_shelving, shop, shop, basic_altar
D:3:      layout_loops_ring, mainiacjoe_overflow_small_starburst, uniq_grinder,
          uniq_natasha, uniq_jessica

Skill      XL: |  1  2  3  4 |
---------------+-------------+-----
Fighting       | 1 2 |  2.5
Ice Magic      | 5 |  5.2
Spellcasting   | 3 |  3.1
Dodging        | |  2.6
Stealth        | |  2.1

Action                     |  1- 3 |  4- 6 || total
---------------------------+-------+-------++-------
  Melee: Unarmed           |     5 |       ||     5
         Dagger            |    19 |       ||    19
   Fire: Sling             |    39 |    45 ||    84
   Cast: Freeze            |    34 |     9 ||    43
   Stab: Sleeping          |     4 |       ||     4
 Armour: Robe              |     9 |    10 ||    19
  Dodge: Dodged            |    34 |    31 ||    65
